 Dungeon Crawl Stone Soup version 0.31.0-32-g396128a36d (webtiles) character file.

Game seed: 957857796103513030

225 FexLirch the Firebug (level 6, -7/39 HPs)
             Began as an Octopode Fire Elementalist on Mar 11, 2024.
             Mangled by an ogre
             ... wielding a +0 giant club
              (18 damage)
             ... on level 4 of the Dungeon.
             The game lasted 00:08:08 (2581 turns).

FexLirch the Firebug (Octopode Fire Elementalist)   Turns: 2581, Time: 00:08:08

Health: -7/39      AC:  1    Str:  8    XL:     6   Next: 1%
Magic:  6/10       EV: 18    Int: 19    God:
Gold:   85         SH:  0    Dex: 12    Spells: 7/10 levels left

rFire   . . .        o - +0 dagger (freeze)
rCold   . . .        (no shield)
rNeg    . . .        (helmet restricted)
rPois   .            (no amulet)
rElec   .            j - +5 ring of evasion
rCorr   .            (no ring)
SInv    .            (no ring)
Will    .....        (no ring)
Stlth   +++          (no ring)
HPRegen 0.26/turn    (no ring)
MPRegen 0.12/turn    (no ring)
                     (no ring)

%: no passive effects
@: no status effects
A: almost no armour, amphibious, 8 rings, camouflage 1, gelatinous body 1,
(nimble swimmer 1), tentacles
a: no special abilities


You were on level 4 of the Dungeon.
You visited 1 branch of the dungeon, and saw 4 of its levels.

You collected 85 gold pieces.

Inventory:

Hand Weapons
 c - a +0 dagger
 i - a +0 short sword
 o - a +0 dagger of freezing (weapon)
 r - a +0 rapier
Missiles
 e - 35 stones
 g - 2 poisoned darts
Magical Staves
 k - a staff of death
Jewellery
 j - a +5 ring of evasion (left tentacle)
Wands
 t - a wand of polymorph (7)
Scrolls
 l - 2 scrolls of revelation {unknown}
 n - a scroll of torment {unknown}
 q - a scroll of fog
 s - 2 scrolls of teleportation {unknown}
 u - a scroll of poison {unknown}
Potions
 a - a potion of magic
 b - a potion of haste {unknown}
 d - a potion of mutation {unknown}
 f - 2 potions of might
 h - a potion of degeneration {unknown}
 m - a potion of enlightenment {unknown}
 p - a potion of curing {unknown}


   Skills:
 + Level 1.7 Fighting
 + Level 2.7 Dodging
 + Level 3.8 Stealth
 + Level 2.7 Spellcasting
 * Level 2.9 Conjurations
 * Level 4.0 Fire Magic


You had 7 spell levels left.
You knew the following spells:

 Your Spells              Type           Power      Damage    Failure   Level
a - Foxfire               Conj/Fire      60%        2x1d7     3%          1
b - Scorch                Fire           36%        2d6       4%          2

Your spell library contained the following spells:

 Spells                   Type           Power      Damage    Failure   Level
 Inner Flame              Hex/Fire       10%        N/A       21%         3
 Volatile Blastmotes      Fire/Tloc      20%        2d11      21%         3
 Flame Wave               Conj/Fire      15%        2d7       36%         4


Dungeon Overview and Level Annotations

Branches:
Dungeon (4/15)
 Temple: D:4-7

Altars:

Annotations:
D:3 Sigmund


Innate Abilities, Weirdness & Mutations

You cannot wear most types of armour.
You are amphibious.
You can wear up to eight rings at the same time.
Your skin changes colour to match your surroundings (Stealth+).
Your rubbery body absorbs attacks. (AC +1, EV +1)
((You are camouflaged when in or above water. (Stealth+)))
You have tentacles for arms and can constrict up to eight enemies at once.


Message History

You conjure some foxfire!
You constrict Blork the orc.
Blork the orc is no longer more vulnerable to fire.
Blork the orc misses you.
You hit Blork the orc. You freeze Blork the orc.
You kill Blork the orc!
Your Fire Magic skill increases to level 4!
You have reached level 6!
Your foxfire dissipates!
Things that are here:
a +0 long sword; a +0 robe Your foxfire dissipates!
Found a stone staircase leading down.
An endoplasm comes into view.
The helpless endoplasm fails to defend itself.
You puncture the endoplasm! You freeze the endoplasm.
You kill the endoplasm!
You open the door.
There is an open door here.
An ogre comes into view. It is wielding a +0 giant club.
Unknown command.
Unknown command.
Found a scroll labelled BODONGOMU.
The helpless ogre fails to defend itself.
You puncture the ogre! You freeze the ogre.
The ogre is heavily wounded.
The ogre hits you with a +0 giant club!!
Ouch! That really hurt!
* * * LOW HITPOINT WARNING * * *
Casting: Foxfire (safe; 3% risk of failure)
Confirm with . or Enter, or press ? or * to list all spells.
Flames lash the ogre.
The ogre is almost dead.
The ogre's fire resistance burns away.
Casting: Scorch (safe; 4% risk of failure)
Confirm with . or Enter, or press ? or * to list all spells.
Flames lash the ogre.
The ogre is burned terribly!
The ogre is almost dead.
A scorpion comes into view.
The ogre hits you with a +0 giant club!!
You die...

#s# #.# #.# #.#
#.#######
#........
#.O......
#@....?..
#........
##.#######
####### #..#
#.....# ###.##
##
#.....####....#
.#
#.....##......#
.#
#.....'..##...#
.#
#.....#####...#


You could see an ogre (combustible) and a scorpion.

Vanquished Creatures
  Blork the orc (D:4)
  A bombardier beetle (D:3)
  A sleepcap (D:4)
  3 gnolls (D:2)
  2 adders
  A dart slug (D:1)
  3 ribbon worms
  An orc (D:4)
  3 ball pythons
  3 bats
  5 endoplasms
  3 giant cockroaches
  4 goblins
  3 hobgoblins (D:2)
  4 jackals (D:2)
  6 kobolds
  A frilled lizard (D:1)
  3 rats
48 creatures vanquished.

Vanquished Creatures (others)
  74 foxfires
74 creatures vanquished.

Grand Total: 122 creatures vanquished

Notes
Turn   | Place    | Note
-------+----------+-------------------------------------------
     0 | D:1      | FexLirch the Octopode Fire Elementalist began the quest for
                  | the Orb.
     0 | D:1      | Reached XP level 1. HP: 11/11 MP: 3/3
   414 | D:1      | Reached XP level 2. HP: 17/17 MP: 1/5
  1116 | D:2      | Reached XP level 3. HP: 22/22 MP: 2/6
  1121 | D:2      | Learned a level 2 spell: Scorch
  1485 | D:2      | Reached XP level 4. HP: 27/27 MP: 0/7
  1580 | D:2      | Reached skill level 1 in Fighting
  1648 | D:2      | Found a faded altar of an unknown god.
  2196 | D:3      | Reached XP level 5. HP: 33/33 MP: 3/8
  2205 | D:3      | Noticed Sigmund
  2476 | D:4      | Noticed Blork the orc
  2486 | D:4      | Killed Blork the orc
  2487 | D:4      | Reached skill level 4 in Fire Magic
  2487 | D:4      | Reached XP level 6. HP: 39/39 MP: 2/10
  2581 | D:4      | Mangled by an ogre

Illustrated notes

Levels and vault maps discovered:
D:1:      minmay_arrival_widening_spiral_wide, layout_basic, minivault_27
D:2:      layout_basic, hellmonk_ecumenical_altar_pennies_from_heaven
D:3:      layout_basic, xom_butterflies, minmay_circle_x, uniq_sigmund
D:4:      layout_basic, uniq_blork_the_orc

Skill      XL: |  1  2  3  4  5 |
---------------+----------------+-----
Stealth        | 3 |  3.8
Conjurations   | 2 |  2.9
Fighting       | 1 |  1.7
Fire Magic     | 4 |  4.0
Dodging        | |  2.7
Spellcasting   | |  2.7

Action                     |  1- 3 |  4- 6 || total
---------------------------+-------+-------++-------
  Melee: Dagger            |    23 |    31 ||    54
         Constrict         |     7 |     8 ||    15
         Tentacles         |     4 |     4 ||     8
         Punch             |       |     1 ||     1
   Cast: Foxfire           |    30 |    18 ||    48
         Scorch            |     3 |    11 ||    14
    Use: Scroll            |       |     2 ||     2
   Stab: Sleeping          |     5 |     3 ||     8
 Armour: Skin              |     9 |    13 ||    22
  Dodge: Dodged            |    11 |    29 ||    40
